 Dungeon Crawl Stone Soup version 0.30.1-4-g462c640d31 (webtiles) character file.

Game seed: 8118279483408417763

35 croobank the Ducker (level 3, -1/26 HPs)
             Began as an Octopode Monk on Sept 14, 2023.
             Slain by Sigmund
             ... wielding a +4 scythe of freezing
              (4 damage)
             ... on level 2 of the Dungeon.
             The game lasted 00:02:15 (979 turns).

croobank the Ducker (Octopode Monk)                  Turns: 979, Time: 00:02:16

Health: -1/26      AC:  1    Str: 10    XL:     3   Next: 33%
Magic:  3/3        EV: 14    Int: 14    God:
Gold:   101        SH:  0    Dex: 14    Spells: 2/2 levels left

rFire   . . .        a - +0 short sword
rCold   . . .        c - orb {light}
rNeg    . . .        (helmet restricted)
rPois   .            (no amulet)
rElec   .            (no ring)
rCorr   .            (no ring)
SInv    .            (no ring)
Will    .....        (no ring)
Stlth   +            (no ring)
HPRegen 0.24/turn    (no ring)
MPRegen 0.08/turn    (no ring)
                     (no ring)

%: no passive effects
@: glowing
A: almost no armour, amphibious, 8 rings, camouflage 1, gelatinous body 1,
(nimble swimmer 1), tentacles
a: no special abilities


You were on level 2 of the Dungeon.
You visited 1 branch of the dungeon, and saw 2 of its levels.

You collected 101 gold pieces.

Inventory:

Hand Weapons
 a - a +0 short sword (weapon)
Armour
 c - an orb of light (worn)
 d - a +2 buckler of reflection
Scrolls
 e - a scroll of silence {unknown}
 f - a scroll of identify {unknown}
 j - a scroll of amnesia {unknown}
Potions
 b - a potion of ambrosia
 g - a potion of invisibility {unknown}
 h - a potion of lignification {unknown}
 i - a potion of degeneration {unknown}


   Skills:
 + Level 3.4 Fighting
 + Level 3.4 Short Blades
 + Level 3.5 Dodging


You had 2 spell levels left.
You didn't know any spells.
Your spell library contained the following spells:

 Spells                   Type           Power      Damage    Failure   Level
 Summon Small Mammal      Summ           0%         N/A       28%         1
 Call Canine Familiar     Summ           0%         N/A       65%         3
 Summon Guardian Golem    Hex/Summ       0%         N/A       65%         3


Dungeon Overview and Level Annotations

Branches:
Dungeon (2/15)

Altars:

Shops:
D:2 ![

Annotations:
D:2 Sigmund


Innate Abilities, Weirdness & Mutations

You cannot wear most types of armour.
You are amphibious.
You can wear up to eight rings at the same time.
Your skin changes colour to match your surroundings (Stealth+).
Your rubbery body absorbs attacks. (AC +1, EV +1)
((You are camouflaged when in or above water. (Stealth+)))
You have tentacles for arms and can constrict up to eight enemies at once.


Message History

The hobgoblin is severely wounded.
You constrict the hobgoblin, but do no damage.
The hobgoblin closely misses you.
You hit the hobgoblin.
The hobgoblin is almost dead.
You constrict the hobgoblin.
You kill the hobgoblin!
You now have enough gold to buy a potion of resistance on this level.
You can access your shopping list by pressing '$'.
You now have 101 gold pieces (gained 21).
Things that are here:
a +0 chain mail; a hobgoblin corpse No target in view!
As you open the door, it creaks loudly!
You hear a shout!
There is an open door here.
Sigmund the Dreaded comes into view.
He is wielding a +4 scythe of freezing and carrying a wand of roots (11).
Okay, then.
Okay, then.
There is an open door here.
This is a scroll of acquirement!
Something appears before you!
You start removing your armour.
You continue taking off your orb of light.
Sigmund barely misses you.
You continue taking off your orb of light.
Sigmund hits you from afar with a +4 scythe of freezing!
Keep disrobing?
You stop removing your armour.
Sigmund freezes you.
You hit Sigmund but do no damage. You grab Sigmund. You squeeze Sigmund.
Sigmund is lightly wounded.
You constrict Sigmund.
Sigmund hits you with a +4 scythe of freezing.
Sigmund freezes you.
You hit Sigmund.
Sigmund is moderately wounded.
You constrict Sigmund.
Sigmund hits you with a +4 scythe of freezing!
* * * LOW HITPOINT WARNING * * *
Sigmund freezes you.
You die...

#.# ##..##.##.##
#.# ##.........
#.# ##.####### #.#
#.# #.#########
#.# #.........#
#.# ############.#
#.# ......@..# #.#
#.# #@.# #.# #.#
##'## #.# #.#
##...###.# #.#
##.....##.# #.#
##.8...8.### #.#
##.#.....#.## #.#
##...8...8...###.#
.'...........+...#
##...8...8...###.#


You could see Sigmund.

Vanquished Creatures
  An adder (D:2)
  2 endoplasms (D:1)
  A giant cockroach (D:1)
  2 goblins (D:1)
  3 hobgoblins
  A kobold (D:2)
  A quokka (D:2)
  5 ball pythons
  2 bats (D:1)
  2 frilled lizards
  4 rats (D:1)
24 creatures vanquished.

Notes
Turn   | Place    | Note
-------+----------+-------------------------------------------
     0 | D:1      | croobank the Octopode Monk began the quest for the Orb.
     0 | D:1      | Reached XP level 1. HP: 16/16 MP: 1/1
   129 | D:1      | Reached XP level 2. HP: 21/21 MP: 2/2
   620 | D:2      | Found Iwuiteth's Antique Armour Shoppe.
   668 | D:2      | Reached XP level 3. HP: 26/26 MP: 3/3
   691 | D:2      | Found Rouronea's Distillery.
   971 | D:2      | Noticed Sigmund
   973 | D:2      | Identified a scroll of acquirement
   973 | D:2      | Acquired a +2 buckler of reflection
   979 | D:2      | Slain by Sigmund

Illustrated notes

Levels and vault maps discovered:
D:1:      minmay_arrival_three_doors, layout_basic
D:2:      layout_basic, serial_shops, nicolae_shop_stone, shop,
          nicolae_shop_tiny_waterfront, shop, shop, dk_noncrumbling_3,
          minivault_24, uniq_sigmund

Action                     || total
---------------------------++-------
  Melee: Short sword       ||    49
         Constrict         ||    17
         Tentacles         ||    15
         Punch             ||     1
    Use: Scroll            ||     1
 Armour: Skin              ||     4
  Dodge: Dodged            ||    30
